 Dungeon Crawl Stone Soup version 0.30.1-4-g462c640d31 (webtiles) character file.

Game seed: 7533512988975535301

421 Arctor the Ruffian (level 6, -1/51 HPs)
             Began as a Draconian Transmuter on Sept 7, 2023.
             Slain by a gnoll sergeant
             ... wielding a +0 spear
              (11 damage)
             ... on level 3 of the Dungeon.
             The game lasted 00:04:17 (2587 turns).

Arctor the Ruffian (Draconian Transmuter)           Turns: 2587, Time: 00:04:17

Health: -1/51      AC:  2    Str: 12    XL:     6   Next: 62%
Magic:  14/20      EV: 20    Int: 16    God:
Gold:   196        SH:  0    Dex: 16    Spells: 7/11 levels left

rFire   . . .        f - melded +3 dagger (drain)
rCold   . . .        (shield currently unavailable)
rNeg    . . .        (body armour unavailable)
rPois   x            (helmet currently unavailable)
rElec   .            (cloak currently unavailable)
rCorr   .            (gloves currently unavailable)
SInv    .            (boots currently unavailable)
Will    .....        (no amulet)
Stlth   +            k - ring of magical power
HPRegen 0.28/turn    (no ring)
MPRegen 0.17/turn

%: no passive effects
@: spider-form (expiring)
A: venomous fangs, AC +6, tiny, unfitting armour, (cold-blooded)
a: End Transformation


You were on level 3 of the Dungeon.
You were a venomous arachnid creature.
You visited 1 branch of the dungeon, and saw 3 of its levels.

You collected 196 gold pieces.

Inventory:

Hand Weapons
 f - a +3 dagger of draining (melded)
Jewellery
 k - a ring of magical power (left front pincers)
Scrolls
 c - a scroll of identify
Potions
 a - a potion of lignification
 b - a potion of might
 d - a potion of brilliance {unknown}
 g - 2 potions of haste
 i - a potion of resistance
 m - a potion of flight


   Skills:
 + Level 3.4 Fighting
 + Level 3.2 Dodging
 + Level 4.3 Unarmed Combat
 + Level 3.4 Spellcasting
 + Level 3.5 Transmutations


You had 7 spell levels left.
You knew the following spells:

 Your Spells              Type           Power      Damage    Failure   Level
a - Beastly Appendage     Tmut           28%        N/A       13%         1
b - Spider Form           Tmut/Pois      8%         N/A       47%         3

Your spell library contained the following spells:

 Spells                   Type           Power      Damage    Failure   Level
 Wereblood                Tmut           14%        N/A       17%         2
 Sublimation of Blood     Necr           2%         N/A       47%         2
 Ice Form                 Ice/Tmut       8%         N/A       83%         4
 Petrify                  Tmut/Erth      8%         N/A       83%         4
 Irradiate                Conj/Tmut      4%         3d13      98%         5


Dungeon Overview and Level Annotations

Branches:
Dungeon (3/15)

Altars:
Dithmenos
Kikubaaqudgha


Innate Abilities, Weirdness & Mutations

You are a venomous arachnid creature.
You have venomous fangs.
You are tiny and dextrous.
Your spellcasting is less reliable in this form.
Your armour is entirely melded.
You are incapable of wielding weapons or throwing items.
((Your plain brown scales are hard. (AC +6)))
You cannot fit into any form of body armour.
((You are cold-blooded and may be slowed by cold attacks.))


Message History

Your magical contamination has completely faded away.
Your transformation has ended.
Your +3 dagger of draining unmelds from your body.
You sense an unholy aura.
Things that are here:
a +0 spear; a gnoll corpse
Items here: )) ? †.
Casting: Spider Form (dangerous; 26% risk of failure)
Confirm with . or Enter, or press ? or * to list all spells.
You turn into a venomous arachnid creature.
Your +3 dagger of draining melds into your body.
Your transformation is almost over.
The gnoll sergeant completely misses you.
The gnoll hits you from afar with a +0 halberd.
The gnoll sergeant blocks your attack. The gnoll sergeant misses you.
The gnoll hits you from afar with a +0 halberd!
You hit the gnoll sergeant.
The gnoll sergeant is poisoned.
The gnoll sergeant is lightly wounded.
The gnoll sergeant closely misses you. The gnoll closely misses you.
The gnoll sergeant blocks your attack.
The gnoll sergeant is moderately wounded.
The gnoll hits you from afar with a +0 halberd!
The gnoll sergeant closely misses you. The gnoll sergeant blocks your attack.
The gnoll sergeant is moderately wounded.
You hit the gnoll sergeant.
The gnoll sergeant looks as sick as possible!
The gnoll sergeant is heavily wounded.
The gnoll hits you from afar with a +0 halberd.
The gnoll sergeant closely misses you.
You hit the gnoll sergeant.
The gnoll sergeant looks as sick as possible!
The gnoll sergeant is severely wounded.
The gnoll closely misses you.
The gnoll sergeant hits you with a +0 spear!
* * * LOW HITPOINT WARNING * * *
The gnoll sergeant attacks as you move away!
The gnoll sergeant closely misses you.
The gnoll sergeant hits you from afar with a +0 spear!
You die...

#.# #.[....##
##.......## #.#
#.....## ##.....## #.#
###.### ##...## ..# #.#
#+## ### #.#######
#.......# #..####.###
#.........# ♣♣♣♣
#..####.#s# ♣...
#.....#.#.# ♣♣♣..# ###
##.##.#.#g#
♣♣♣.)..#...#
#.......g#♣♣....♣.#...#
#.######..)gg.....'..).
#.# #.#♣♣)..♣..#.[.#
#.. ...# ♣♣♣....#...#
### ##### ♣♣♣..# ###
♣)..


You could see a gnoll sergeant (extremely poisoned) and a gnoll.

Vanquished Creatures
  Grinder (D:3)
  2 orc priests (D:3)
  3 adders
  5 gnolls
  2 worms (D:3)
  A dart slug (D:2)
  6 orcs (D:3)
  5 endoplasms
  A giant cockroach (D:1)
  8 hobgoblins
  5 jackals
  6 quokkas
  4 ball pythons
  4 bats
  5 frilled lizards
  5 goblins
  A kobold (D:1)
  10 rats
74 creatures vanquished.

Notes
Turn   | Place    | Note
-------+----------+-------------------------------------------
     0 | D:1      | Arctor the Draconian Transmuter began the quest for the
                  | Orb.
     0 | D:1      | Reached XP level 1. HP: 16/16 MP: 3/3
   150 | D:1      | Reached XP level 2. HP: 12/23 MP: 3/5
   527 | D:1      | Reached XP level 3. HP: 29/29 MP: 6/6
   544 | D:1      | Found a faded altar of an unknown god.
  1184 | D:2      | Learned a level 3 spell: Spider Form
  1304 | D:2      | Reached XP level 4. HP: 36/36 MP: 7/7
  1386 | D:2      | Found an ancient bone altar of Kikubaaqudgha.
  1831 | D:3      | Found a shadowy altar of Dithmenos.
  1893 | D:3      | Noticed Grinder
  1921 | D:3      | Paralysed by Grinder for 3 turns
  1962 | D:3      | Paralysed by Grinder for 5 turns
  1963 | D:3      | Killed Grinder
  1964 | D:3      | Reached skill level 4 in Unarmed Combat
  1964 | D:3      | Reached XP level 5. HP: 19/45 MP: 9/9
  1964 | D:3      | Reached XP level 6. HP: 22/51 MP: 10/10
  2567 | D:3      | Found the +5 woodcutter's axe
  2587 | D:3      | Slain by a gnoll sergeant

Illustrated notes

Levels and vault maps discovered:
D:1:      ncdulo_smallfort, layout_basic, nicolae_ecumenical_lake_church,
          roderic_roman_lattice
D:2:      kennysheep_big_flooded_room, layout_basic, basic_altar
D:3:      layout_loops_corners, nicolae_dithmenos_shadow_blocks,
          pf_guarded_unrand_woodcutter, uniq_grinder

Skill      XL: |  1  2  3  4 |
---------------+-------------+-----
Dodging        | 2 3 |  3.2
Fighting       | 2 3 |  3.4
Unarmed Combat | 4 |  4.3
Spellcasting   | 3 |  3.4
Transmutations | 3 |  3.5

Action                     |  1- 3 |  4- 6 || total
---------------------------+-------+-------++-------
  Melee: Unarmed           |    43 |    34 ||    77
         Tailslap          |    14 |     9 ||    23
         Kick              |     9 |     4 ||    13
         Headbutt          |     6 |     2 ||     8
         Dagger            |    68 |    88 ||   156
         Punch             |     1 |     1 ||     2
   Cast: Beastly Appendage |    11 |     6 ||    17
         Spider Form       |       |     4 ||     4
    Use: Scroll            |       |     7 ||     7
         Potion            |       |     6 ||     6
 Armour: Skin              |    31 |    35 ||    66
  Dodge: Dodged            |    68 |    77 ||   145
